 Dungeon Crawl Stone Soup version 0.24.0-13-gcf9b319 (webtiles) character file.

Game seed: 14853376593341640454, levelgen mode: deterministic

103 Fortress the Conjurer (level 4, -1/33 HPs)
             Began as a Draconian Conjurer on Jan 11, 2020.
             Slain by an orc wizard
             ... wielding a +2 dagger of electrocution
              (2 damage)
             ... on level 4 of the Dungeon.
             The game lasted 00:09:11 (2989 turns).

Fortress the Conjurer (Draconian Conjurer)          Turns: 2989, Time: 00:09:12

Health: -1/33      AC:  5    Str: 10    XL:     4   Next: 51%
Magic:  7/8        EV: 12    Int: 17    God:
Gold:   41         SH:  0    Dex: 11    Spells: 7/8 levels left

rFire    . . .     SeeInvis .   l - +1 hand axe (flame)
rCold    . . .     Gourm    .   (no shield)
rNeg     . . .     Faith    .   (armour unavailable)
rPois    .         Spirit   .   (helmet restricted)
rElec    .         Reflect  .   (no cloak)
rCorr    .         Harm     .   (no gloves)
MR       .....                  (no boots)
Stlth    ++........             (no amulet)
HPRegen  0.11/turn              (no ring)
MPRegen  0.11/turn              (no ring)

@: no status effects
A: unfitting armour, cold-blooded, AC +5
a: no special abilities


You were on level 4 of the Dungeon.
You were hungry.

You visited 1 branch of the dungeon, and saw 4 of its levels.

You collected 41 gold pieces.

Inventory:

Hand Weapons
 f - a +3 whip
 l - a +1 hand axe of flaming (weapon)
Scrolls
 a - a scroll of identify
 d - 2 scrolls of teleportation
 e - 4 scrolls of enchant armour
 i - a scroll of immolation {unknown}
 k - a scroll of remove curse {unknown}
 m - a scroll of magic mapping {unknown}
Potions
 c - a potion of heal wounds
 g - a potion of lignification
 j - a potion of ambrosia {unknown}
Comestibles
 b - 5 rations


   Skills:
 - Level 2.0 Dodging
 - Level 2.0 Stealth
 - Level 0.3 Unarmed Combat
 + Level 2.7 Spellcasting
 + Level 5.3 Conjurations


You had 7 spell levels left.
You knew the following spells:

 Your Spells              Type           Power        Failure   Level  Hunger
a - Magic Dart            Conj           ###.         1%          1    #......

Your spell library contained the following spells:

 Spells                   Type           Power        Failure   Level  Hunger
 Searing Ray              Conj           ###...       3%          2    ##.....
 Dazzling Spray           Conj/Hex       ##....       19%         3    ###....
 Iskenderun's Mystic Bla  Conj           ###.....     21%         4    #####..
 Force Lance              Conj/Tloc      ##......     52%         4    #####..
 Fulminant Prism          Conj/Hex       ##........   52%         4    #####..


Dungeon Overview and Level Annotations

Branches:
Dungeon (4/15)
 Temple: D:4-7

Altars:
Nemelex Xobeh


Innate Abilities, Weirdness & Mutations

Your plain brown scales are hard. (AC +5)
You cannot fit into any form of body armour.
You are cold-blooded and may be slowed by cold attacks.


Message History

You are electrocuted!
You bump into the rock wall.
The orc wizard hits you with a +2 dagger of electrocution.
You closely miss the orc wizard.
The orc priest begins to cast a cantrip, but forgets the words!
The orc wizard barely misses you.
You're too confused to cast spells.
You're too confused to cast spells.
You bump into the rock wall.
The orc wizard misses you.
The orc priest hits you but does no damage.
The orc wizard hits you but does no damage.
You are electrocuted!
* * * LOW HITPOINT WARNING * * *
The orc priest barely misses you.
You see here a frilled lizard corpse.
You're too confused!
You bump into the rock wall.
You feel less confused.
The orc wizard hits you with a +2 dagger of electrocution.
You die...

..........
.........#
.........#
......$..#
.......#
.....+ #.o.#
....+oo.#
#...#.@.#
#...##.#.....#
#...##.#.###.#
#...##.#..
#...##.#.#.
#...##.#....
#......#.# #.
####...####.#.
.#
#.............


You could see an orc priest, an orc wizard and an orc.

Vanquished Creatures
  A howler monkey zombie (D:3)
  3 adders (D:2)
  A dart slug (D:1)
  3 worms (D:2)
  2 leopard geckos
  An orc (D:3)
  4 giant cockroaches
  9 goblins
  5 hobgoblins
  2 kobolds (D:1)
  A ball python (D:2)
  10 bats
  7 frilled lizards
  2 giant cockroach zombies (D:3)
  A quokka skeleton (D:3)
  A quokka zombie (D:3)
  3 rats
56 creatures vanquished.

Notes
Turn   | Place    | Note
-------+----------+-------------------------------------------
     0 | D:1      | Fortress the Draconian Conjurer began the quest for the
                  | Orb.
     0 | D:1      | Reached XP level 1. HP: 14/14 MP: 3/3
   423 | D:1      | Reached XP level 2. HP: 19/20 MP: 5/5
  1030 | D:2      | Reached XP level 3. HP: 19/26 MP: 0/6
  1294 | D:2      | Reached skill level 5 in Conjurations
  1548 | D:2      | Found a sparkling altar of Nemelex Xobeh.
  1622 | D:2      | Reached XP level 4. HP: 32/33 MP: 1/7
  2987 | D:4      | HP: 1/33 [orc wizard/+2 dagger of electrocution (13)]
  2989 | D:4      | Slain by an orc wizard

Levels and vault maps discovered:
D:1:      minmay_arrival_stone_box, layout_basic
D:2:      layout_basic, nemelex_xobeh_ov_fountains_minmay, minmay_distorted
D:3:      layout_basic, serial_undead, serial_undead_b, serial_undead_d,
          serial_undead_e, serial_undead_d, serial_undead_c, serial_undead_c
D:4:      layout_basic, uniq_pikel

Skill      XL: |  1  2  3 |
---------------+----------+-----
Dodging        | 2 |  2.0
Conjurations   | 5 |  5.3
Stealth        | 2 |  2.0
Unarmed Combat | |  0.3
Spellcasting   | |  2.7

Action                   |  1- 3 |  4- 6 || total
-------------------------+-------+-------++-------
Melee: Unarmed           |    25 |       ||    25
       Tailslap          |     5 |     1 ||     6
       Whip              |    12 |       ||    12
       Hand axe          |       |     7 ||     7
 Cast: Magic Dart        |    78 |    45 ||   123
  Use: Scroll            |       |     5 ||     5
 Stab: Sleeping          |     1 |       ||     1
  Eat: Chunk             |     3 |     4 ||     7
Armor: Skin              |     9 |     4 ||    13
Dodge: Dodged            |    26 |     7 ||    33
